 Dungeon Crawl Stone Soup version 0.23.2-40-g277498a001 (webtiles) character file.

Game seed: 13983173469419171793

47 Amplified the Charmwright (level 3, 0/31 HPs)
             Began as a Gnoll Skald on Oct 2, 2019.
             Was an Initiate of Ashenzari.
             Slain by a goblin
             ... wielding a +0 dagger
             ... led by Robin
              (3 damage)
             ... on level 2 of the Dungeon.
             The game lasted 00:02:52 (1169 turns).

Amplified the Charmwright (Gnoll Skald)             Turns: 1169, Time: 00:02:53

Health: 0/31       AC:  5    Str: 13 (14) XL:     3   Next: 70%
Magic:  9/9        EV: 12    Int: 18 (20) God:    Ashenzari [......]
Gold:   66         SH:  0    Dex: 12 (14) Spells: 11/12 levels left

rFire    . . .     SeeInvis .   b - +2 flail (pain)
rCold    . . .     Gourm    .   (no shield)
rNeg     . . .     Faith    .   g - +0 ring mail
rPois    .         Spirit   .   (no helmet)
rElec    .         Reflect  .   (no cloak)
rCorr    .         Harm     .   (no gloves)
MR       .....                  (no boots)
Stlth    +.........             (no amulet)
HPRegen  0.10/turn              (no ring)
MPRegen  0.11/turn              (no ring)

@: brilliant
A: distributed training, fangs 1, strong nose
a: Curse Item, Renounce Religion


You were on level 2 of the Dungeon.
You worshipped Ashenzari.
Ashenzari was noncommittal.
You were not hungry.

You visited 1 branch of the dungeon, and saw 2 of its levels.

You collected 66 gold pieces.

Inventory:

Hand Weapons
 a - a +1 mace
 b - a +2 flail of pain (weapon)
 f - a +4 short sword
Missiles
 e - 12 poisoned needles
Armour
 g - a +0 ring mail (worn)
Jewellery
 h - an uncursed ring of protection from cold
Scrolls
 c - 3 scrolls of remove curse
Comestibles
 d - 3 rations
 l - a chunk of flesh


   Skills:
 + Level 4.5 Fighting
 + Level 0.9 Short Blades
 + Level 0.9 Long Blades
 + Level 0.9 Axes
 + Level 4.5 Maces & Flails
 + Level 0.9 Polearms
 + Level 0.9 Staves
 + Level 0.9 Slings
 + Level 0.9 Bows
 + Level 0.9 Crossbows
 + Level 0.9 Throwing
 + Level 2.6 Armour
 + Level 4.5 Dodging
 + Level 0.9 Stealth
 + Level 0.9 Shields
 + Level 0.9 Unarmed Combat
 + Level 5.0 Spellcasting
 + Level 0.6 Conjurations
 + Level 0.6 Hexes
 + Level 5.4 Charms
 + Level 0.6 Summonings
 + Level 0.6 Necromancy
 + Level 0.6 Translocations
 + Level 0.6 Transmutations
 + Level 0.6 Fire Magic
 + Level 0.6 Ice Magic
 + Level 0.6 Air Magic
 + Level 0.6 Earth Magic
 + Level 0.6 Poison Magic
 + Level 1.0 Invocations
 + Level 0.9 Evocations


You had 11 spell levels left.
You knew the following spells:

 Your Spells              Type           Power        Failure   Level  Hunger
a - Infusion              Chrm           ####         1%          1    None

Your spell library contained the following spells:

 Spells                   Type           Power        Failure   Level  Hunger
 Shroud of Golubria       Chrm/Tloc      ####......   1%          2    #......
 Song of Slaying          Chrm           ####....     1%          2    #......
 Regeneration             Chrm/Necr      ####......   3%          3    ##.....
 Spectral Weapon          Hex/Chrm       ####....     3%          3    ##.....


Dungeon Overview and Level Annotations

Branches:
Dungeon (2/15)

Altars:
Ashenzari

Annotations:
D:2 Robin


Innate Abilities, Weirdness & Mutations

Your experience applies equally to all skills.
You have very sharp teeth.
Your uncanny sense of smell can sniff out nearby items.


Message History

Okay, then.
Okay, then.
You aren't carrying any items that you can evoke.
Unknown command.
You aren't carrying any potions.
Unknown command.
Okay, then.
Okay, then.
You miss the goblin.
Robin says, "Bow before me, strongest of all the hobgoblins!"
The goblin hits you but does no damage. x3; The goblin completely misses you.
Unknown command.
Okay, then.
You hit the goblin but do no damage.
The goblin writhes in agony.
You bite the goblin, but do no damage.
The goblin is moderately wounded.
The goblin barely misses you. The goblin hits you.
* * * LOW HITPOINT WARNING * * *
The goblin barely misses you. The goblin hits you with a +0 dagger.
You die...

### #.( ######..
#....#.. #####....#..
#........#..
#.###########.....####..
#>...gg@g......֠.'..'..
#.#...gg#####.....####..
....###.# #.....# #..
#.# #.# ####### #.. .
... ..... #.# ##### #.#
..#


You could see Robin and 4 goblins.

Vanquished Creatures
  An ooze (D:1)
  An orc (D:2)
  5 bats
  A giant cockroach (D:1)
  10 goblins
  4 hobgoblins
  3 jackals (D:1)
  A quokka (D:2)
  A ball python (D:1)
  3 frilled lizards (D:1)
  4 kobolds
  4 rats
38 creatures vanquished.

Notes
Turn   | Place    | Note
-------+----------+-------------------------------------------
     0 | D:1      | Amplified the Gnoll Skald began the quest for the Orb.
     0 | D:1      | Reached XP level 1. HP: 20/20 MP: 6/6
   265 | D:1      | Reached XP level 2. HP: 24/26 MP: 7/7
   393 | D:1      | Found a shattered altar of Ashenzari.
   542 | D:1      | Became a worshipper of Ashenzari the Shackled
   680 | D:2      | Reached XP level 3. HP: 19/31 MP: 9/9
   863 | D:2      | Reached skill level 5 in Spellcasting
  1133 | D:2      | Noticed Robin
  1145 | D:2      | Reached skill level 1 in Invocations
  1169 | D:2      | Slain by a goblin

Skill      XL: |  1  2  3 |
---------------+----------+-----
Spellcasting   | 5 |  5.0
Invocations    | 1 |  1.0
Fighting       | |  4.5
Short Blades   | |  0.9
Long Blades    | |  0.9
Axes           | |  0.9
Maces & Flails | |  4.5
Polearms       | |  0.9
Staves         | |  0.9
Slings         | |  0.9
Bows           | |  0.9
Crossbows      | |  0.9
Throwing       | |  0.9
Armour         | |  2.6
Dodging        | |  4.5
Stealth        | |  0.9
Shields        | |  0.9
Unarmed Combat | |  0.9
Conjurations   | |  0.6
Hexes          | |  0.6
Charms         | |  5.4
Summonings     | |  0.6
Necromancy     | |  0.6
Translocations | |  0.6
Transmutations | |  0.6
Fire Magic     | |  0.6
Ice Magic      | |  0.6
Air Magic      | |  0.6
Earth Magic    | |  0.6
Poison Magic   | |  0.6
Evocations     | |  0.9

Action                   || total
-------------------------++-------
Melee: Mace              ||    84
       Bite              ||    15
       Flail             ||    43
  Use: Scroll            ||     4
       Potion            ||     5
  Eat: Ration            ||     1
Armor: Leather armour    ||    24
       Skin              ||    96
       Ring mail         ||    14
Dodge: Dodged            ||   116
